 Dungeon Crawl Stone Soup version 0.21.1-1-g345015fe64 (webtiles) character file.

61 Balth the Vexing (level 4, 0/34 HPs)
             Began as a Gnoll Arcane Marksman on Mar 31, 2018.
             Killed from afar by Jessica (10 damage)
             ... with a wand of flame (8)
             ... on level 2 of the Dungeon.
             The game lasted 00:05:01 (869 turns).

Balth the Vexing (Gnoll Arcane Marksman)             Turns: 869, Time: 00:05:02

Health: 0/34       AC:  2    Str: 13    XL:     4   Next: 7%
Magic:  7/8        EV: 15    Int: 21    God:
Gold:   37         SH:  0    Dex: 15    Spells: 2/8 levels left

rFire    . . .     SeeInvis .   b - +0 hand axe
rCold    . . .     Gourm    .   (no shield)
rNeg     . . .     Faith    .   e - +0 robe
rPois    .         Spirit   .   o - +0 hat
rElec    .         Reflect  .   (no cloak)
rCorr    .         Harm     .   (no gloves)
MR       .....                  (no boots)
Stlth    ++........             (no amulet)
HPRegen  0.11/turn              (no ring)
MPRegen  0.11/turn              (no ring)

@: brilliant
A: distributed training, fangs 1, strong nose
a: no special abilities


You were on level 2 of the Dungeon.
You were not hungry.

You visited 1 branch of the dungeon, and saw 2 of its levels.

You collected 37 gold pieces.

Inventory:

Hand Weapons
 a - a +0 shortbow
 b - a +0 hand axe (weapon)
Missiles
 d - 72 arrows
Armour
 e - a +0 robe (worn)
 o - a +0 hat (worn)
Jewellery
 j - an uncursed amulet of harm {unknown}
 n - an uncursed ring of protection from magic {unknown}
Scrolls
 h - 3 scrolls of teleportation {unknown}
 i - a scroll of remove curse {unknown}
 k - a scroll of blinking {unknown}
 l - a scroll of fear {unknown}
 m - a scroll of identify {unknown}
Potions
 g - a potion of brilliance
Books
 c - a book of Debilitation

   Spells                             Type                      Level
   a - Corona                         Hexes                        1
   b - Slow                           Hexes                        2
   c - Inner Flame                    Hexes/Fire                   3
   d - Portal Projectile              Hexes/Translocation          3
   e - Cause Fear                     Hexes                        4
   f - Leda's Liquefaction            Hexes/Earth                  4
Comestibles
 f - 5 rations


   Skills:
 + Level 2.7 Fighting
 + Level 1.0 Short Blades
 + Level 1.0 Long Blades
 + Level 1.0 Axes
 + Level 1.0 Maces & Flails
 + Level 1.0 Polearms
 + Level 1.0 Staves
 + Level 1.0 Slings
 + Level 4.6 Bows
 + Level 1.0 Crossbows
 + Level 1.0 Throwing
 + Level 1.0 Armour
 + Level 4.6 Dodging
 + Level 1.0 Stealth
 + Level 1.0 Shields
 + Level 1.0 Unarmed Combat
 + Level 2.9 Spellcasting
 + Level 0.7 Conjurations
 + Level 5.4 Hexes
 + Level 0.7 Charms
 + Level 0.7 Summonings
 + Level 0.7 Necromancy
 + Level 0.7 Translocations
 + Level 0.7 Transmutations
 + Level 0.7 Fire Magic
 + Level 0.7 Ice Magic
 + Level 0.7 Air Magic
 + Level 0.7 Earth Magic
 + Level 0.7 Poison Magic
 + Level 1.1 Invocations
 + Level 1.0 Evocations


You had 2 spell levels left.
You knew the following spells:

 Your Spells              Type           Power        Failure   Level  Hunger
a - Corona                Hex            #####..      1%          1    None
b - Slow                  Hex            #####...     1%          2    ##.....
c - Inner Flame           Hex/Fire       ####....     1%          3    ###....


Dungeon Overview and Level Annotations

Branches:
Dungeon (2/15)

Altars:

Annotations:
D:2 Jessica


Innate Abilities, Weirdness & Mutations

Your experience applies equally to all skills.
You have very sharp teeth.
Your uncanny sense of smell can sniff out nearby items.


Message History

Jessica gestures wildly.
Jessica gestures wildly while chanting.
Jessica blinks!
Firing (i - inventory):
d - 74 arrows (quivered)
Press: ? - help, Shift-Dir - straight line, f - Jessica, p - leopard gecko
Aim: Jessica, wearing a robe and carrying a wand of flame (8) (moderately wounded, fast, inner flame)
You shoot an arrow. The arrow closely misses Jessica.
The leopard gecko closely misses you. x2
Firing (i - inventory):
d - 73 arrows (quivered)
Press: ? - help, Shift-Dir - straight line, f/p - Jessica
Aim: Jessica, wearing a robe and carrying a wand of flame (8) (moderately wounded, fast, inner flame)
You shoot an arrow. The arrow closely misses Jessica.
Jessica barely misses you. The leopard gecko closely misses you.
Really attack while wielding your +0 shortbow? [Y]es or [N]o only, please.
Really attack while wielding your +0 shortbow?
Okay, then.
b - a +0 hand axe (weapon)
Jessica zaps a wand.
The puff of flame hits you!
You die...

#.(# ###. ..## #..( #..
..... #..##.##....#
#..#.#....##
#...?.....#
#######.(..##. ∆
.........### .#
#.#######(..###.#####
(.....@@l(....(......##
.#....###....###.###...
∆#(.......##.###.# #.#
#....######..##.# #.#
## #..##.####.##
#..#.#.#.#.#%
#.....)<...).
####.#†#.#.#.
#..........


You could see Jessica (inner flame) and a leopard gecko.

Vanquished Creatures
  An adder (D:1)
  An ooze (D:1)
  3 dart slugs (D:1)
  5 leopard geckos
  4 bats (D:1)
  2 giant cockroaches
  5 goblins
  2 hobgoblins (D:1)
  3 kobolds
  3 frilled lizards (D:1)
  8 rats
37 creatures vanquished.

Notes
Turn   | Place    | Note
-------+----------+-------------------------------------------
     0 | D:1      | Balth the Gnoll Arcane Marksman began the quest for the Orb.
     0 | D:1      | Reached XP level 1. HP: 17/17 MP: 4/4
    47 | D:1      | Reached XP level 2. HP: 20/23 MP: 5/5
   224 | D:1      | Reached XP level 3. HP: 21/28 MP: 5/7
   336 | D:1      | Learned a level 2 spell: Slow
   556 | D:1      | Reached skill level 1 in Invocations
   684 | D:1      | Reached skill level 1 in Short Blades
   684 | D:1      | Reached skill level 1 in Long Blades
   684 | D:1      | Reached skill level 1 in Axes
   684 | D:1      | Reached skill level 1 in Maces & Flails
   684 | D:1      | Reached skill level 1 in Polearms
   684 | D:1      | Reached skill level 1 in Staves
   684 | D:1      | Reached skill level 1 in Slings
   684 | D:1      | Reached skill level 1 in Crossbows
   684 | D:1      | Reached skill level 1 in Throwing
   684 | D:1      | Reached skill level 1 in Armour
   684 | D:1      | Reached skill level 1 in Stealth
   684 | D:1      | Reached skill level 1 in Shields
   684 | D:1      | Reached skill level 1 in Unarmed Combat
   684 | D:1      | Reached skill level 1 in Evocations
   754 | D:2      | Reached XP level 4. HP: 19/34 MP: 8/8
   762 | D:2      | Learned a level 3 spell: Inner Flame
   844 | D:2      | Noticed Jessica
   869 | D:2      | Killed from afar by Jessica

Skill      XL: |  1  2  3 |
---------------+----------+-----
Invocations    | 1 |  1.1
Short Blades   | 1 |  1.0
Long Blades    | 1 |  1.0
Axes           | 1 |  1.0
Maces & Flails | 1 |  1.0
Polearms       | 1 |  1.0
Staves         | 1 |  1.0
Slings         | 1 |  1.0
Crossbows      | 1 |  1.0
Throwing       | 1 |  1.0
Armour         | 1 |  1.0
Stealth        | 1 |  1.0
Shields        | 1 |  1.0
Unarmed Combat | 1 |  1.0
Evocations     | 1 |  1.0
Fighting       | |  2.7
Bows           | |  4.6
Dodging        | |  4.6
Spellcasting   | |  2.9
Conjurations   | |  0.7
Hexes          | |  5.4
Charms         | |  0.7
Summonings     | |  0.7
Necromancy     | |  0.7
Translocations | |  0.7
Transmutations | |  0.7
Fire Magic     | |  0.7
Ice Magic      | |  0.7
Air Magic      | |  0.7
Earth Magic    | |  0.7
Poison Magic   | |  0.7

Action                   |  1- 3 |  4- 6 || total
-------------------------+-------+-------++-------
 Fire: Shortbow          |    70 |    19 ||    89
 Cast: Corona            |     4 |       ||     4
       Inner Flame       |       |     2 ||     2
  Use: Potion            |       |     1 ||     1
Armor: Robe              |     5 |     2 ||     7
Dodge: Dodged            |    40 |    16 ||    56
